 Dungeon Crawl Stone Soup version 0.31-a0-8-gd14b0f4ee2 (webtiles) character file.

Game seed: 1911590889916661321

3302 Morbidden the Slasher (level 10, -4/51 HPs)
             Began as a Vine Stalker Fighter on May 7, 2023.
             Was an Elder of Cheibriados.
             Slain by a wight
             ... wielding a +4 halberd
              (13 damage)
             ... on level 8 of the Dungeon.
             The game lasted 00:12:11 (6482 turns).

Morbidden the Slasher (Vine Stalker Fighter)        Turns: 6482, Time: 00:12:11

Health: -4/51      AC: 24    Str: 30    XL:     10   Next: 1%
Magic:  0/17       EV: 12    Int: 28    God:    Cheibriados [****..]
Gold:   180        SH:  7    Dex: 29    Spells: 16/18 levels left

rFire   . . .        a - +0 long sword
rCold   . . .        c - +0 buckler
rNeg    . . .        I - +6 chain mail {ponderous}
rPois   .            y - +2 helmet
rElec   .            t - +0 cloak
rCorr   .            E - +2 pair of gloves
SInv    .            Q - +0 pair of boots
Will    +....        A - amulet of regeneration Stlth
                     e - +6 ring of dexterity
HPRegen 1.88/turn    f - +6 ring of intelligence
MPRegen 0.15/turn

%: guardian spirit
@: very slow
A: fangs 3, regeneration 1, magic shield, antimagic bite, no potion heal 2
a: Renounce Religion, Bend Time, Temporal Distortion, Slouch


You were on level 8 of the Dungeon.
You worshipped Cheibriados.
Cheibriados was greatly pleased with you.
You visited 2 branches of the dungeon, and saw 9 of its levels.
You also visited: Sewer.

You collected 275 gold pieces.
You spent 95 gold pieces at shops.

Inventory:

Hand Weapons
 a - a +0 long sword (weapon)
Missiles
 B - 5 javelins
 H - 2 silver boomerangs
 J - a curare-tipped dart
 N - 8 poisoned darts (quivered)
Armour
 c - a +0 buckler (worn)
 t - a +0 cloak (worn)
 y - a +2 helmet (worn)
 E - a +2 pair of gloves (worn)
 I - a +6 chain mail of ponderousness (worn)
 Q - a +0 pair of boots (worn)
Jewellery
 e - a +6 ring of dexterity (left hand)
 f - a +6 ring of intelligence (right hand)
 i - a ring of protection from fire
 A - an amulet of regeneration (around neck)
 C - a ring of protection from fire
 O - a ring of protection from cold
Wands
 v - a wand of iceblast (9)
 x - a wand of flame (8)
 D - a wand of paralysis (7)
 P - a wand of acid (10)
Scrolls
 h - 6 scrolls of identify
 k - 2 scrolls of acquirement {unknown}
 n - 6 scrolls of teleportation
 p - 2 scrolls of silence {unknown}
 q - a scroll of enchant weapon {unknown}
 z - a scroll of fear {unknown}
 F - a scroll of noise {unknown}
 L - a scroll of blinking {unknown}
 M - a scroll of amnesia {unknown}
 R - a scroll of fog {unknown}
 S - a scroll of vulnerability {unknown}
Potions
 b - 3 potions of magic {unknown}
 d - 2 potions of brilliance
 g - a potion of attraction {unknown}
 j - 2 potions of curing
 l - 4 potions of invisibility {unknown}
 m - 4 potions of haste {unknown}
 o - 2 potions of cancellation {unknown}
 r - a potion of lignification {unknown}
 s - a potion of flight {unknown}
 u - a potion of degeneration {unknown}
 w - a potion of ambrosia {unknown}
 G - 2 potions of resistance {unknown}
 K - a potion of might


   Skills:
 * Level 5.1 Fighting
 * Level 6.9 Long Blades
 + Level 0.3 Throwing
 * Level 5.3 Armour
 * Level 3.4 Dodging
 + Level 0.8 Stealth
 + Level 4.0 Shields
 * Level 4.5 Spellcasting
 * Level 3.0 Fire Magic
 * Level 2.4 Invocations
 * Level 2.1 Evocations


You had 16 spell levels left.
You knew the following spells:

 Your Spells              Type           Power      Damage    Failure   Level
a - Scorch                Fire           46%        2d7       14%         2

Your spell library contained the following spells:

 Spells                   Type           Power      Damage    Failure   Level
 Beastly Appendage        Tmut           12%        N/A       32%         1
 Necrotise                Necr           24%        1d5       32%         1
 Wereblood                Tmut           6%         N/A       43%         2
 Spider Form              Tmut/Pois      6%         N/A       67%         3
 Vampiric Draining        Necr           6%         2d6       67%         3
 Flame Wave               Conj/Fire      14%        2d6       86%         4
 Agony                    Necr           6%         N/A       100%        5
 Iskenderun's Battlesphe  Conj           6%         2d6       100%        5
 Iron Shot                Conj/Erth      3%         9d2       100%        6
 Summon Cactus Giant      Summ           3%         N/A       100%        6
 Spellforged Servitor     Conj/Summ      3%         N/A       100%        7


Dungeon Overview and Level Annotations

Branches:
Dungeon (8/15)             Temple (1/1) D:5           Sewer (visited)
   Lair: D:8-11

Altars:
Ashenzari
Cheibriados
Dithmenos
Elyvilon
Gozag
Hepliaklqana
Makhleb
Nemelex Xobeh
Okawaru
Trog
Uskayaw
Vehumet
The Shining One

Shops:
D:5 =!*([

Annotations:
D:2 1 runed translucent door, Crazy Yiuf
D:3 2 transporters
D:7 3 runed translucent doors, Shaidar's ghost, novice HOBe
D:8 Pikel


Innate Abilities, Weirdness & Mutations

You have razor-sharp teeth.
Your natural rate of healing is unusually fast.
When hurt, damage is shared between your health and your magic reserves.
Your bite disrupts and absorbs the magic of your enemies.
Potions cannot restore your health.


Message History

The orc wizard points at you and mumbles some strange words.
You resist with almost no effort. You block the wight's attack.
The wight hits you with a +3 long sword.
You block the wight's attack. The wight misses you.
You closely miss the wight. You bite the wight. You drain its power.
You feel invigorated.
The wight is severely damaged.
The orc wizard points at you and mumbles some strange words.
The puff of flame hits you. The wight closely misses you.
The wight hits you with a +3 long sword.
You feel drained. You block the wight's attack.
The wight hits you but does no damage. The wight closely misses you.
You slash the wight!
You destroy the wight!
Cheibriados appreciates the change of pace.
The wight hits you with a +0 battleaxe! The orc wizard casts a spell at you.
The puff of flame hits you. The wight hits you with a +4 halberd!
* * * LOW HITPOINT WARNING * * *
The wight barely misses you. x2
Your life force feels restored.
You have reached level 10!
Unknown command.
Unknown command.
Okay, then.
Unknown command.
Okay, then.
The flow of time bends around you.
Cheibriados rebukes the wight.
The wight seems to slow down.
Cheibriados rebukes the wight.
The wight seems to slow down.
Cheibriados rebukes the wight.
The wight seems to slow down.
Cheibriados rebukes the wight.
The wight seems to slow down.
The wight hits you but does no damage. You block the wight's attack.
The wight hits you with a +0 battleaxe.
* * * LOW HITPOINT WARNING * * *
The wight hits you with a +4 halberd!
You die...

..>.# .....#
......
#.....####### .
#..(........#..
...............
...!..)zz......
......z@...o...
......z....#...
..........##
..........#
.........##
##...##.## ##..
..# ##. )##


You could see 4 wights and an orc wizard.

Vanquished Creatures
  Grinder (D:5)
  Sigmund (D:2)
  A wyvern (D:7)
  A steam dragon (D:7)
  Eustachio (D:5)
  An orc warrior (D:6)
  2 ice beasts
  2 sky beasts
  5 black bears
  An ogre (D:6)
  2 lemures (D:8)
  A phantom (D:6)
  3 kobold brigands
  2 gnoll sergeants
  A bullfrog (D:8)
  2 scorpions
  A wight (D:8)
  A howler monkey (D:5)
  2 hounds (D:7)
  4 orc priests
  2 iguanas
  A jelly (D:8)
  2 sleepcaps
  2 orc wizards
  12 gnolls
  15 adders
  3 river rats (Sewer)
  A shadow imp (D:7)
  2 white imps
  An ufetubus (D:7)
  4 dart slugs
  A worm (D:6)
  28 orcs
  A bat (D:2)
  8 endoplasms
  3 giant cockroaches
  11 goblins
  12 hobgoblins
  2 jackals (D:1)
  25 kobolds
  4 quokkas
  16 ball pythons
  28 rats
219 creatures vanquished.

Vanquished Creatures (others)
  7 plants
7 creatures vanquished.

Grand Total: 226 creatures vanquished

Notes
Turn   | Place    | Note
-------+----------+-------------------------------------------
     0 | D:1      | Morbidden the Vine Stalker Fighter began the quest for the
                  | Orb.
     0 | D:1      | Reached XP level 1. HP: 11/11 MP: 2/2
   147 | D:1      | Found a faded altar of an unknown god.
   177 | D:1      | Reached XP level 2. HP: 14/16 MP: 3/3
   566 | D:1      | Reached skill level 2 in Long Blades
   659 | D:1      | Reached XP level 3. HP: 16/19 MP: 4/4
  1254 | D:2      | Found a runed translucent door.
  1255 | D:2      | Noticed Crazy Yiuf
  1492 | D:2      | Noticed Sigmund
  1506 | D:2      | Killed Sigmund
  1507 | D:2      | Reached skill level 3 in Long Blades
  1507 | D:2      | Reached skill level 1 in Spellcasting
  1507 | D:2      | Gained mutation: Your natural rate of healing is unusually
                  | fast. [Vine Stalker growth]
  1507 | D:2      | Reached XP level 4. HP: 24/24 MP: 4/7
  1507 | D:2      | Reached XP level 5. HP: 28/28 MP: 4/8
  1807 | D:3      | Reached XP level 6. HP: 31/32 MP: 9/9
  1851 | D:3      | Found a transporter.
  1867 | D:3      | Found a transporter.
  1929 | D:3      | Reached skill level 1 in Dodging
  3303 | D:5      | Entered Level 5 of the Dungeon
  3314 | D:5      | Noticed a black bear
  3325 | D:5      | Killed a black bear
  3326 | D:5      | Reached skill level 4 in Long Blades
  3349 | D:5      | Found Aseblul's Assorted Antiques.
  3360 | D:5      | Reached XP level 7. HP: 31/36 MP: 8/11
  3381 | D:5      | Bought a square soapstone amulet for 95 gold pieces
  3402 | D:5      | Noticed Eustachio
  3440 | D:5      | Killed Eustachio
  3523 | D:5      | Found Daupenk's Armour Shoppe.
  3561 | D:5      | Found Igig Guh's Weapon Boutique.
  3623 | D:5      | Gained mutation: You have razor-sharp teeth. [Vine Stalker
                  | growth]
  3623 | D:5      | Reached XP level 8. HP: 38/42 MP: 9/13
  3626 | D:5      | Learned a level 2 spell: Scorch
  3755 | D:5      | Found a hide-covered altar of Uskayaw.
  3918 | D:5      | Found Xuiwed's Distillery.
  3931 | D:5      | Noticed Grinder
  3960 | D:5      | Killed Grinder
  3961 | D:5      | Reached skill level 5 in Long Blades
  3961 | D:5      | Reached skill level 1 in Fire Magic
  3989 | D:5      | Found a staircase to the Ecumenical Temple.
  4026 | Temple   | Entered the Ecumenical Temple
  4064 | Temple   | Became a worshipper of Cheibriados the Contemplative
  4088 | D:5      | Found Poticeab's Jewellery Shoppe.
  4387 | D:6      | Reached skill level 1 in Invocations
  4421 | D:6      | Reached * piety under Cheibriados
  4422 | D:6      | Reached skill level 1 in Evocations
  4487 | D:6      | Reached skill level 6 in Long Blades
  4487 | D:6      | Reached XP level 9. HP: 46/46 MP: 14/16
  4504 | D:6      | Found a glowing drain.
  4537 | Sewer    | Entered a sewer
  4613 | Sewer    | Reached ** piety under Cheibriados
  4811 | Sewer    | Reached *** piety under Cheibriados
  5463 | D:6      | Found a white marble altar of Elyvilon.
  5464 | D:6      | Found a broken altar of Ashenzari.
  5547 | D:7      | Found a runed translucent gate.
  5548 | D:7      | Found a runed translucent gate.
  5549 | D:7      | Found a runed translucent gate.
  5550 | D:7      | Noticed a kobold demonologist
  5551 | D:7      | Noticed Shaidar's ghost (novice HOBe)
  5589 | D:7      | Reached skill level 5 in Fighting
  6006 | D:7      | Reached **** piety under Cheibriados
  6021 | D:7      | Reached skill level 5 in Armour
  6401 | D:8      | Noticed Pikel
  6482 | D:8      | Reached XP level 10. HP: 11/51 MP: 3/17
  6482 | D:8      | Slain by a wight

Illustrated notes

Levels and vault maps discovered:
D:1:      dpeg_arrival_boxorama, layout_basic, serial_corexii_hall,
          chequers_hall_statues_y, corexii_hall_statues_u,
          shapermc_ecumenical_altar_pompeii, nicolae_hexahallways,
          item_on_display_b
D:2:      layout_loops_ring, uniq_sigmund, uniq_crazy_yiuf_cottage
D:3:      gammafunk_steamed_eel, layout_loops_ring, item_on_display_a
D:4:      layout_layer_cave
D:5:      layout_basic, mainiacjoe_overflow_boulevard, temple_statues,
          serial_shops, shop, nicolae_square_shop, nicolae_shop_tiny_waterfront,
          nicolae_shop_peninsula, nicolae_shop_just_a_little_nook, serial_glass,
          glass_columns_c, glass_columns_a, uniq_grinder, uniq_eustachio
D:6:      layout_loops_ring, gammafunk_temple_overflow_pools,
          portal_sewer_entry_e, small_statue_intersection,
          minmay_misc_feat_four_crosses, sigmund_army
D:7:      layout_basic, gammafunk_ghost_nasty_kobolds
D:8:      wander_guarded_unrand_ratskin, layout_cave_pods,
          nicolae_ru_great_annihilating_truth, uniq_pikel
Temple:   nicolae_temple_two_arcs

Skill      XL: |  1  2  3  4  5  6  7  8  9 |
---------------+----------------------------+-----
Long Blades    | 2 3 4 6 |  6.9
Fighting       | 3 4 5 |  5.1
Armour         | 3 4 5 |  5.3
Shields        | 3 4 |  4.0
Spellcasting   | 1 2 3 4 |  4.5
Dodging        | 1 2 3 |  3.4
Fire Magic     | 1 3 |  3.0
Invocations    | 1 2 |  2.4
Evocations     | 1 2 |  2.1
Throwing       | |  0.3
Stealth        | |  0.8

Action                     |  1- 3 |  4- 6 |  7- 9 | 10-12 || total
---------------------------+-------+-------+-------+-------++-------
  Melee: Long sword        |    87 |   103 |   464 |       ||   654
         Bite              |    17 |    26 |   153 |       ||   196
  Throw: Javelin           |       |     1 |     7 |       ||     8
   Cast: Scorch            |       |       |     2 |       ||     2
 Invoke: Bend Time         |       |       |       |     1 ||     1
  Evoke: Wand              |       |       |     2 |       ||     2
    Use: Potion            |     1 |       |       |       ||     1
         Scroll            |       |       |     5 |       ||     5
   Stab: Paralysed         |       |       |     3 |       ||     3
 Armour: Scale mail        |    33 |    46 |   142 |       ||   221
         Chain mail        |       |       |   187 |     1 ||   188
  Dodge: Dodged            |    43 |    52 |   316 |       ||   411
  Block: Buckler           |    27 |    32 |   200 |     1 ||   260

Table legend: (Time is in decaauts)
 A = Elapsed time spent in this place.
 B = Non-inter-level travel time spent in this place.
 C = Inter-level travel time spent in this place.
 D = Time resting spent in this place.
 E = Time spent auto-exploring this place.
 F = Levels seen in this place.
 G = Mean time per level.
                   A        B        C        D        E       F      G
               +--------+--------+--------+--------+--------+-----+--------+
         Total |   7899 |   7615 |    284 |    102 |   5545 |  10 |  789.9 |
       Dungeon |   7125 |   6851 |    274 |    102 |   5103 |   8 |  890.6 |
        Temple |     50 |     40 |     10 |      0 |     25 |   1 |   50.0 |
         Sewer |    724 |    724 |      0 |      0 |    417 |   1 |  724.0 |
               +--------+--------+--------+--------+--------+-----+--------+

Top non-repeatable levels by time:
     D:7: 1437 daAuts
     D:6: 1284 daAuts
     D:4: 1146 daAuts
     D:1: 1046 daAuts
     D:5: 811 daAuts
   Sewer: 724 daAuts
     D:2: 688 daAuts
     D:3: 588 daAuts
     D:8: 122 daAuts
  Temple: 50 daAuts
